 Dungeon Crawl Stone Soup version 0.24-a0-114-g5d539f0 (webtiles) character file.

44 vishdafish the Charmwright (level 3, -5/24 HPs)
             Began as a Halfling Skald on Dec 23, 2018.
             Slain by a worm (11 damage)
             ... on level 3 of the Dungeon on Feb 15, 2019.
             The game lasted 00:04:32 (1527 turns).

vishdafish the Charmwright (Halfling Skald)         Turns: 1527, Time: 00:04:33

Health: -5/24      AC:  5    Str: 10 (12) XL:     3   Next: 87%
Magic:  5/5        EV: 14    Int:  9 (12) God:
Gold:   39         SH:  0    Dex: 11 (13) Spells: 4/5 levels left

rFire    . . .     SeeInvis .   n - +0 dagger (pain)
rCold    . . .     Gourm    .   (shield restricted)
rNeg     . . .     Faith    .   b - +1 leather armour
rPois    .         Spirit   .   (no helmet)
rElec    .         Reflect  .   (no cloak)
rCorr    .         Harm     .   (no gloves)
MR       .....                  (no boots)
Stlth    +.........             (no amulet)
HPRegen  0.08/turn              (no ring)
MPRegen  0.09/turn              (no ring)

@: no status effects
A: small, rugged brown scales 1, mutation resistance 1
a: no special abilities


You were on level 3 of the Dungeon.
You were very hungry.

You visited 1 branch of the dungeon, and saw 3 of its levels.

You collected 39 gold pieces.

Inventory:

Hand Weapons
 a - a +0 falchion
 n - a +0 dagger of pain (weapon)
Missiles
 h - 18 bolts
Armour
 b - a +1 leather armour (worn)
Scrolls
 c - 2 scrolls of identify
 e - 2 scrolls of amnesia
 f - a scroll of magic mapping {unknown}
 g - a scroll of enchant armour
 i - a scroll of blinking
 l - 2 scrolls of teleportation {unknown}
 o - 2 scrolls of noise {unknown}
 p - a scroll of random uselessness {unknown}
Potions
 j - a potion of heal wounds
Comestibles
 d - 5 rations


   Skills:
 + Level 2.0 Fighting
 * Level 1.0(1.9) Short Blades
 - Level 2.1(2.2) Long Blades
 + Level 1.3 Armour
 + Level 2.8 Dodging
 + Level 1.7 Spellcasting
 + Level 3.9 Charms


You had 4 spell levels left.
You knew the following spells:

 Your Spells              Type           Power        Failure   Level  Hunger
a - Infusion              Chrm           #...         9%          1    ##.....

Your spell library contained the following spells:

 Spells                   Type           Power        Failure   Level  Hunger
 Song of Slaying          Chrm           #.......     14%         2    ###....
 Shroud of Golubria       Chrm/Tloc      #.........   30%         2    ###....
 Regeneration             Chrm/Necr      #.........   52%         3    ####...
 Spectral Weapon          Hex/Chrm       #.......     52%         3    ####...


Dungeon Overview and Level Annotations

Branches:
Dungeon (3/15)

Altars:
Fedhas

Annotations:
D:2 Terence


Innate Abilities, Weirdness & Mutations

You are small and have problems with some larger weapons.
You are somewhat resistant to further mutation.
You are partially covered in rugged brown scales. (AC +1, +3% HP)


Message History

The worm is almost dead.
You hit the worm but do no damage.
The worm is almost dead.
The worm misses you.
You hit the worm but do no damage.
The worm is almost dead.
You hit the worm but do no damage.
The worm is almost dead.
The worm bites you but does no damage.
You barely miss the worm.
The worm is severely wounded.
You hit the worm.
The worm is almost dead.
The worm completely misses you.
You hit the worm but do no damage.
The worm is almost dead.
You barely miss the worm.
The worm is almost dead.
The worm bites you!
You die...

# #..#(.###.###
#.####..#..#
.......>..#
.........####.#
#####.........#
##.######## #.#
#.# #@# #w# #.#
#.# #.# ..# ###


You could see a worm.

Vanquished Creatures
  An adder (D:3)
  A leopard gecko (D:2)
  An orc (D:2)
  A ball python (D:1)
  4 bats
  A giant cockroach (D:2)
  3 goblins (D:2)
  2 hobgoblins
  2 kobolds (D:2)
  A quokka (D:2)
  2 frilled lizards (D:1)
  15 rats (D:1)
34 creatures vanquished.

Notes
Turn   | Place    | Note
-------+----------+-------------------------------------------
     0 | D:1      | vishdafish the Halfling Skald began the quest for the Orb.
     0 | D:1      | Reached XP level 1. HP: 14/14 MP: 3/3
    35 | D:1      | Reached XP level 2. HP: 4/19 MP: 1/4
   940 | D:2      | Upgraded the game from 0.23-a0-622-g59b4ea9 to
                  | 0.23-a0-650-ga4d50d4
   940 | D:2      | Upgraded the game from 0.23-a0-650-ga4d50d4 to
                  | 0.24-a0-114-g5d539f0
   940 | D:2      | Reached XP level 3. HP: 19/24 MP: 5/5
  1323 | D:2      | Noticed Terence
  1345 | D:2      | Gained mutation: You are partially covered in rugged brown
                  | scales. (AC +1, +3% HP) [potion of mutation]
  1349 | D:3      | Found a blossoming altar of Fedhas.
  1373 | D:3      | Reached skill level 1 in Short Blades
  1527 | D:3      | Slain by a worm

Levels and vault maps discovered:
D:1:      erik_arrival_orb_chamber
D:2:      serial_curves, eino_curves_01, eino_curves_01, uniq_terence
D:3:      layout_loops_ring, lemuel_crystal_altar

Skill      XL: |  1  2  3 |
---------------+----------+-----
Fighting       | 2 |  2.0
Short Blades   | 1 |  1.0
Long Blades    | |  2.1
Armour         | |  1.3
Dodging        | |  2.8
Spellcasting   | |  1.7
Charms         | |  3.9

Action                   || total
-------------------------++-------
Melee: Falchion          ||    56
       Dagger            ||   107
 Cast: Infusion          ||     1
  Use: Potion            ||     4
       Scroll            ||     3
 Stab: Sleeping          ||     1
  Eat: Chunk             ||     1
Armor: Leather armour    ||    33
Dodge: Dodged            ||   142
       Rpst.: Falchion   ||    14

Table legend:
 A = Non-vault XP
 B = Vault XP
 C = Vault XP percentage of total XP
 D = Non-vault monster count
 E = Vault monster count
 F = Vault count percentage of total count
                 A         B        C        D         E       F
            +---------+---------+-------+---------+---------+-------
      Total |      52 |      12 |  18.8 |      22 |      12 |  35.3
            +---------+---------+-------+---------+---------+-------
        D:1 |       9 |      12 |  57.1 |       7 |      12 |  63.2
        D:2 |      25 |       0 |   0.0 |      12 |       0 |   0.0
        D:3 |      18 |       0 |   0.0 |       3 |       0 |   0.0
            +---------+---------+-------+---------+---------+-------
